 Dungeon Crawl Stone Soup version 0.23-a0-130-g0e7800e (webtiles) character file.

68324 NeonDemon the Thaumaturge (level 15, 117/117 HPs)
             Began as a Gnoll Warper on Feb 17, 2018.
             Was the Champion of Cheibriados.
             Quit the game on level 1 of the Swamp on Aug 27, 2018.
             The game lasted 03:36:38 (10064 turns).

NeonDemon the Thaumaturge (Gnoll Warper)           Turns: 10064, Time: 03:36:39

Health: 117/117    AC: 13    Str: 31    XL:     15   Next: 26%
Magic:  27/29      EV: 25    Int: 31    God:    Cheibriados [******]
Gold:   832        SH:  9    Dex: 35    Spells: 1/35 levels left

rFire    + . .     SeeInvis .     - Unarmed
rCold    . . .     Gourm    .   G - +0 buckler
rNeg     . . .     Faith    .   h - +0 leather armour {rPois}
rPois    +         Spirit   +   (helmet restricted)
rElec    +         Reflect  .   o - +0 cloak
rCorr    .         Harm     .   i - +0 pair of gloves
MR       +....                  u - +1 pair of boots {Fly}
Stlth    +++++.....             K - amulet of guardian spirit
HPRegen  0.29/turn              C - ring of protection from fire
MPRegen  0.21/turn              w - +4 ring of protection

@: flying, very slow
A: distributed training, fangs 1, horns 1, agile 1, blurry vision 1, electricity
resistance, strong nose
a: Bend Time, Temporal Distortion, Slouch, Step From Time, Renounce Religion,
Stop Flying


You were on level 1 of the Swamp.
You worshipped Cheibriados.
Cheibriados was exalted by your worship.
You were not hungry.

You visited 5 branches of the dungeon, and saw 25 of its levels.
You also visited: Ossuary and Volcano.

You collected 1903 gold pieces.
You spent 1071 gold pieces at shops.

Inventory:

Hand Weapons
 g - a +0 blowgun
Missiles
 d - 4 tomahawks of dispersal (quivered)
 j - a throwing net {!f}
 H - 10 curare-tipped needles
Armour
 h - a +0 leather armour of poison resistance (worn)
 i - a +0 pair of gloves (worn)
 n - a +0 shield
 o - a +0 cloak (worn)
 r - +0 fire dragon scales
 s - a +1 helmet
 u - a +1 pair of boots of flying (worn)
 G - a +0 buckler (worn)
 O - the +8 chain mail of the Countless Cities {MR++ Dex-4}
   (You bought it in a shop on level 12 of the Dungeon)

   It affects your dexterity (-4).
   It affects your resistance to hostile enchantments.
Magical Staves
 A - an uncursed staff of wizardry
Jewellery
 w - a +4 ring of protection (right hand)
 C - a ring of protection from fire (left hand)
 K - an amulet of guardian spirit (around neck)
 L - an uncursed ring of ice
Wands
 a - a wand of disintegration (12)
 v - a wand of paralysis (25)
 y - a wand of polymorph (23)
 E - a wand of digging (5)
Scrolls
 c - 2 scrolls of blinking {!r}
 l - a scroll of fear
 q - 7 scrolls of remove curse
 D - 3 scrolls of immolation {!r}
 F - a scroll of fog
 I - a scroll of brand weapon
 J - a scroll of torment {!r}
 M - 2 scrolls of teleportation
 R - a scroll of enchant weapon
Potions
 k - 2 potions of curing
 m - a potion of flight
 t - 2 potions of might
 x - a potion of agility
 z - 2 potions of lignification {!q}
 B - a potion of heal wounds
Miscellaneous
 b - a box of beasts
Comestibles
 f - 18 rations


   Skills:
 + Level 10.7 Fighting
 + Level 9.7 Short Blades
 + Level 9.7 Long Blades
 + Level 9.7 Axes
 + Level 9.7 Maces & Flails
 + Level 9.7 Polearms
 + Level 9.7 Staves
 + Level 9.7 Slings
 + Level 9.7 Bows
 + Level 9.7 Crossbows
 + Level 10.1 Throwing
 + Level 10.1 Armour
 + Level 10.7 Dodging
 + Level 9.7 Stealth
 + Level 9.7 Shields
 + Level 10.7 Unarmed Combat
 + Level 10.9 Spellcasting
 + Level 8.2 Conjurations
 + Level 8.2 Hexes
 + Level 8.2 Charms
 + Level 8.2 Summonings
 + Level 8.2 Necromancy
 + Level 9.9 Translocations
 + Level 8.2 Transmutations
 + Level 8.2 Fire Magic
 + Level 8.2 Ice Magic
 + Level 8.2 Air Magic
 + Level 8.2 Earth Magic
 + Level 8.2 Poison Magic
 + Level 10.6 Invocations
 + Level 9.7 Evocations


You had one spell level left.
You knew the following spells:

 Your Spells              Type           Power        Failure   Level  Hunger
a - Blink                 Tloc           N/A          1%          2    None
b - Summon Mana Viper     Hex/Summ       ######..     3%          5    ###....
c - Passage of Golubria   Tloc           N/A          1%          4    None
d - Lesser Beckoning      Tloc           ######....   1%          3    None
e - Animate Skeleton      Necr           N/A          1%          1    None
f - Regeneration          Chrm/Necr      ######....   1%          3    None
g - Animate Dead          Necr           N/A          1%          4    None
h - Summon Butterflies    Summ           ######..     1%          1    None
i - Irradiate             Conj/Tmut      ######....   3%          5    ###....
s - Borgnjor's Vile Clut  Necr/Erth      ######....   3%          5    ###....
x - Apportation           Tloc           ######       1%          1    None

Your spell library contained the following spells:

 Spells                   Type           Power        Failure   Level  Hunger
 Recall                   Summ/Tloc      N/A          1%          3    None
 Death Channel            Necr           ######....   17%         6    #####..
 Hydra Form               Tmut           ######....   17%         6    #####..
 Simulacrum               Ice/Necr       ######....   17%         6    #####..
 Statue Form              Tmut/Erth      ######...    17%         6    #####..
 Dragon Form              Tmut           ######....   67%         7    ######.


Dungeon Overview and Level Annotations

Branches:
Dungeon (15/15)            Temple (1/1) D:7            Lair (6/6) D:9
  Swamp (1/4) Lair:3       Spider (0/4) Lair:4        Slime (0/5) Lair:6
    Orc (2/2) D:11            Elf (0/3) Orc:2        Vaults (0/5) D:14
 Depths (0/5) D:15

Altars:
Cheibriados
Dithmenos
Fedhas
Hepliaklqana
Kikubaaqudgha
Makhleb
Nemelex Xobeh
Qazlal
Sif Muna
Uskayaw
Vehumet
Wu Jian
Xom
Yredelemnul
Zin
Jiyva

Shops:
D:12 [   Orc:2 [=*(

Annotations:
D:2 exclusion: worm
D:7 exclusion: ice beast
Lair:2 exclusions: basilisk, komodo dragon and 2 oklob plants


Innate Abilities, Weirdness & Mutations

Your experience applies equally to all skills.
You have very sharp teeth.
Your uncanny sense of smell can sniff out nearby items.
You have a pair of small horns on your head.
You are agile. (Dex +2)
Scrolls take you a little longer to read.
You are resistant to electric shocks. (rElec)


Message History

Welcome back, NeonDemon the Gnoll Warper.
Cheibriados says: Take it easy.
Press ? for a list of commands and other information.
Unknown command.
You are a level 15 Gnoll Warper.
You are 26% of the way to level 16.
Play time: 03:36:10 (10064 turns) Unknown command.
Save game and exit?
Welcome back, NeonDemon the Gnoll Warper.
Cheibriados says: Take it easy.
Press ? for a list of commands and other information.
Save game and exit?
Welcome back, NeonDemon the Gnoll Warper.
Cheibriados says: Take it easy.
Press ? for a list of commands and other information.
You are a level 15 Gnoll Warper.
You are 26% of the way to level 16.
Play time: 03:36:32 (10064 turns) Are you sure you want to abandon this character and quit the game? (Confirm
Okay, then.
Are you sure you want to abandon this character and quit the game? (Confirm

≈..≈≈≈≈≈≈.♣
≈§≈≈≈≈≈≈..♣♣
.≈≈≈≈≈≈≈<.≈♣
.≈≈≈≈≈≈≈...♣♣
≈≈≈≈≈......≈♣
k....♣♣♣.>..♣
..≈♣♣
♣♣♣≈..♣♣ .≈♣
♣♣≈♣...≈♣
♣..@.§.♣♣
♣..≈≈≈≈≈.♣
♣.≈.≈≈≈).♣
♣♣..≈≈≈.♣♣
≈.....♣♣
≈≈≈...♣♣
≈≈≈....♣
≈≈.FF.♣♣


You could see 2 spiny frogs.

Vanquished Creatures
  An orc warlord
  A deep elf sorcerer
  A dire elephant Snorg Josephine
  A vault guard
  A death knight
  4 centaur warriors
  6 death yaks
  A catoblepas
  5 two-headed ogres
  A hydra
  An ogre mage
  3 orc high priests
  A vampire mage Nergalle
  A hell knight
  A salamander mystic
  3 orc knights
  6 deep elf magi
  A phantasmal warrior
  3 cyclopes
  3 orc sorcerers
  5 elephants
  3 ugly things
  2 slime creatures
  2 manticores
  5 salamanders
  An apocalypse crab
  A spiny frog
  A black mamba
  A molten gargoyle
  2 naga magi
  3 gargoyles
  A redback zombie
  6 komodo dragons
  6 trolls
  A hornet
  A meliai zombie
  8 hippogriffs
  3 blink frogs
  A redback
  A shadow
  19 yaks
  5 wraiths
  7 fire bats
  A wyvern
  A vampire
  A hungry ghost
  A basilisk
  2 wargs
  10 vampire mosquitoes
  An acid dragon
  A naga
  9 porcupines
  4 water moccasins
  19 orc warriors
  A soldier ant
  5 ice beasts
  5 sky beasts
  2 black bears
  A meliai simulacrum
  3 phantoms
  3 necrophages
  4 boggarts
  11 ogres
  6 wolves
  18 centaurs
  7 crocodiles
  16 bullfrogs
  5 scorpions
  18 killer bees
  A howler monkey
  11 wights
  2 crimson imps
  5 lava snakes
  7 hounds
  2 centaur zombies
  6 jellies
  13 orc priests
  2 bullfrog skeletons
  2 bullfrog zombies
  4 iguanas
  10 orc wizards
  6 worker ants
  3 big kobold zombies
  A hound zombie
  2 hound skeletons
  4 mummies Robin
  A howler monkey skeleton
  10 adders
  3 gnolls
  A shadow imp
  5 oozes
  6 leopard geckos
  41 orcs
  2 giant cockroaches
  2 gnoll zombies
  11 goblins
  3 hobgoblins
  9 kobolds
  A quokka
  3 frilled lizards
  2 goblin zombies
  An orc zombie
  6 rats
  5 fungi
482 creatures vanquished.

Vanquished Creatures (collateral kills)
  2 hydras
  A great orb of eyes
  A centaur warrior
  A two-headed ogre
  An orc high priest Urug
  3 deep elf magi
  A wolf spider
  8 elephants
  A black mamba
  A naga mage
  A rime drake
  6 komodo dragons
  A polar bear
  2 blink frogs
  A hippogriff
  A redback
  2 wyverns
  A wraith
  2 yaks
  2 water moccasins
  4 porcupines
  A sky beast
  2 orc warriors
  2 centaurs
  A phantom
  3 crocodiles
  2 bullfrogs
  A killer bee
  A hound
  A hound skeleton
  5 orcs
  2 fungi
  2 plants
67 creatures vanquished.

Vanquished Creatures (others)
  A dancing weapon
  A shadow imp
  A leopard gecko
  5 fungi
  3 plants
11 creatures vanquished.

Grand Total: 560 creatures vanquished

Notes
Turn   | Place    | Note
-------+----------+-------------------------------------------
     0 | D:1      | NeonDemon the Gnoll Warper began the quest for the Orb.
     0 | D:1      | Reached XP level 1. HP: 20/20 MP: 6/6
    75 | D:1      | Reached XP level 2. HP: 21/26 MP: 7/7
    90 | D:1      | Learned a level 2 spell: Blink
    93 | D:1      | Learned a level 2 spell: Shroud of Golubria
   198 | D:2      | Found a blossoming altar of Fedhas.
   204 | D:2      | Found a stormy altar of Qazlal.
   322 | D:3      | Reached skill level 5 in Spellcasting
   322 | D:3      | Reached XP level 3. HP: 21/31 MP: 2/9
   336 | D:3      | Reached skill level 1 in Invocations
   374 | D:3      | Reached skill level 1 in Short Blades
   374 | D:3      | Reached skill level 1 in Long Blades
   374 | D:3      | Reached skill level 1 in Axes
   374 | D:3      | Reached skill level 1 in Maces & Flails
   374 | D:3      | Reached skill level 1 in Polearms
   374 | D:3      | Reached skill level 1 in Staves
   374 | D:3      | Reached skill level 1 in Slings
   374 | D:3      | Reached skill level 1 in Bows
   374 | D:3      | Reached skill level 1 in Crossbows
   374 | D:3      | Reached skill level 1 in Stealth
   374 | D:3      | Reached skill level 1 in Shields
   374 | D:3      | Reached skill level 1 in Evocations
   486 | D:3      | Reached XP level 4. HP: 20/38 MP: 11/11
   606 | D:3      | Learned a level 4 spell: Passage of Golubria
   616 | D:3      | Learned a level 3 spell: Lesser Beckoning
   645 | D:3      | Reached skill level 1 in Conjurations
   645 | D:3      | Reached skill level 1 in Hexes
   645 | D:3      | Reached skill level 1 in Charms
   645 | D:3      | Reached skill level 1 in Summonings
   645 | D:3      | Reached skill level 1 in Necromancy
   645 | D:3      | Reached skill level 1 in Transmutations
   645 | D:3      | Reached skill level 1 in Fire Magic
   645 | D:3      | Reached skill level 1 in Ice Magic
   645 | D:3      | Reached skill level 1 in Air Magic
   645 | D:3      | Reached skill level 1 in Earth Magic
   645 | D:3      | Reached skill level 1 in Poison Magic
   660 | D:3      | Reached XP level 5. HP: 42/43 MP: 7/12
   689 | D:4      | Noticed Robin
   753 | D:3      | Learned a level 3 spell: Lesser Beckoning
   886 | D:4      | Noticed a phantom
   968 | D:3      | Reached skill level 3 in Throwing
   968 | D:3      | Reached skill level 3 in Armour
  1035 | D:3      | Killed Robin
  1047 | D:4      | Found a sand-covered staircase.
  1056 | Ossuary  | Entered an ossuary
  1152 | Ossuary  | Reached XP level 6. HP: 12/50 MP: 9/13
  1176 | Ossuary  | HP: 3/50 [centaur zombie (6)]
  1185 | Ossuary  | Reached skill level 2 in Invocations
  1448 | Ossuary  | Reached skill level 5 in Fighting
  1448 | Ossuary  | Reached skill level 5 in Dodging
  1448 | Ossuary  | Reached skill level 5 in Unarmed Combat
  1458 | Ossuary  | Reached skill level 2 in Short Blades
  1458 | Ossuary  | Reached skill level 2 in Long Blades
  1458 | Ossuary  | Reached skill level 2 in Axes
  1458 | Ossuary  | Reached skill level 2 in Maces & Flails
  1458 | Ossuary  | Reached skill level 2 in Polearms
  1458 | Ossuary  | Reached skill level 2 in Staves
  1458 | Ossuary  | Reached skill level 2 in Slings
  1458 | Ossuary  | Reached skill level 2 in Bows
  1458 | Ossuary  | Reached skill level 2 in Crossbows
  1458 | Ossuary  | Reached skill level 2 in Stealth
  1458 | Ossuary  | Reached skill level 2 in Shields
  1458 | Ossuary  | Reached skill level 2 in Evocations
  1649 | D:4      | Killed a phantom
  1649 | D:4      | Reached XP level 7. HP: 38/56 MP: 12/15
  1821 | D:4      | Reached skill level 2 in Conjurations
  1821 | D:4      | Reached skill level 2 in Hexes
  1821 | D:4      | Reached skill level 2 in Charms
  1821 | D:4      | Reached skill level 2 in Summonings
  1821 | D:4      | Reached skill level 2 in Necromancy
  1821 | D:4      | Reached skill level 2 in Transmutations
  1821 | D:4      | Reached skill level 2 in Fire Magic
  1821 | D:4      | Reached skill level 2 in Ice Magic
  1821 | D:4      | Reached skill level 2 in Air Magic
  1821 | D:4      | Reached skill level 2 in Earth Magic
  1821 | D:4      | Reached skill level 2 in Poison Magic
  1910 | D:4      | Found a radiant altar of Vehumet.
  1965 | D:4      | Found a basalt altar of Yredelemnul.
  2023 | D:5      | Entered Level 5 of the Dungeon
  2083 | D:5      | Reached skill level 3 in Invocations
  2147 | D:6      | Reached XP level 8. HP: 56/63 MP: 11/16
  2188 | D:6      | Reached skill level 6 in Translocations
  2196 | D:6      | Reached skill level 3 in Short Blades
  2196 | D:6      | Reached skill level 3 in Long Blades
  2196 | D:6      | Reached skill level 3 in Axes
  2196 | D:6      | Reached skill level 3 in Maces & Flails
  2196 | D:6      | Reached skill level 3 in Polearms
  2196 | D:6      | Reached skill level 3 in Staves
  2196 | D:6      | Reached skill level 3 in Slings
  2196 | D:6      | Reached skill level 3 in Bows
  2196 | D:6      | Reached skill level 3 in Crossbows
  2196 | D:6      | Reached skill level 4 in Throwing
  2196 | D:6      | Reached skill level 4 in Armour
  2196 | D:6      | Reached skill level 3 in Stealth
  2196 | D:6      | Reached skill level 3 in Shields
  2196 | D:6      | Reached skill level 3 in Evocations
  2326 | D:6      | Reached skill level 6 in Spellcasting
  2610 | D:7      | Reached skill level 4 in Invocations
  2638 | D:7      | Reached skill level 3 in Conjurations
  2638 | D:7      | Reached skill level 3 in Hexes
  2638 | D:7      | Reached skill level 3 in Charms
  2638 | D:7      | Reached skill level 3 in Summonings
  2638 | D:7      | Reached skill level 3 in Necromancy
  2638 | D:7      | Reached skill level 3 in Transmutations
  2638 | D:7      | Reached skill level 3 in Fire Magic
  2638 | D:7      | Reached skill level 3 in Ice Magic
  2638 | D:7      | Reached skill level 3 in Air Magic
  2638 | D:7      | Reached skill level 3 in Earth Magic
  2638 | D:7      | Reached skill level 3 in Poison Magic
  2672 | D:7      | Reached skill level 6 in Fighting
  2672 | D:7      | Reached skill level 6 in Dodging
  2672 | D:7      | Reached skill level 6 in Unarmed Combat
  2672 | D:7      | Reached XP level 9. HP: 56/69 MP: 14/18
  2713 | D:7      | Found a staircase to the Ecumenical Temple.
  2732 | Temple   | Entered the Ecumenical Temple
  2737 | Temple   | Learned a level 1 spell: Animate Skeleton
  2765 | Temple   | HP: 9/69 [wyvern (13)]
  2767 | Temple   | Reached skill level 4 in Short Blades
  2767 | Temple   | Reached skill level 4 in Long Blades
  2767 | Temple   | Reached skill level 4 in Axes
  2767 | Temple   | Reached skill level 4 in Maces & Flails
  2767 | Temple   | Reached skill level 4 in Polearms
  2767 | Temple   | Reached skill level 4 in Staves
  2767 | Temple   | Reached skill level 4 in Slings
  2767 | Temple   | Reached skill level 4 in Bows
  2767 | Temple   | Reached skill level 4 in Crossbows
  2767 | Temple   | Reached skill level 4 in Stealth
  2767 | Temple   | Reached skill level 4 in Shields
  2767 | Temple   | Reached skill level 4 in Evocations
  2825 | Temple   | Became a worshipper of Cheibriados the Contemplative
  2869 | Temple   | Learned a level 3 spell: Regeneration
  3000 | D:8      | Noticed a hornet
  3002 | D:8      | a hornet changed into a fire bat
  3015 | D:8      | Reached skill level 5 in Throwing
  3015 | D:8      | Reached skill level 5 in Armour
  3018 | D:8      | Reached * piety under Cheibriados
  3226 | D:8      | Reached skill level 5 in Invocations
  3365 | D:8      | Noticed Maurice
  3398 | D:8      | Noticed Maurice
  3398 | D:8      | Maurice changed into Maurice the black bear
  3405 | D:8      | Killed Maurice the black bear
  3483 | D:8      | Found a shimmering altar of Xom.
  3484 | D:8      | Found a shimmering altar of Xom.
  3630 | D:8      | Reached XP level 10. HP: 71/77 MP: 15/20
  3724 | D:9      | Found a staircase to the Lair.
  3737 | D:9      | Reached skill level 7 in Spellcasting
  3766 | D:9      | Reached skill level 4 in Conjurations
  3766 | D:9      | Reached skill level 4 in Hexes
  3766 | D:9      | Reached skill level 4 in Charms
  3766 | D:9      | Reached skill level 4 in Summonings
  3766 | D:9      | Reached skill level 4 in Necromancy
  3766 | D:9      | Reached skill level 4 in Transmutations
  3766 | D:9      | Reached skill level 4 in Fire Magic
  3766 | D:9      | Reached skill level 4 in Ice Magic
  3766 | D:9      | Reached skill level 4 in Air Magic
  3766 | D:9      | Reached skill level 4 in Earth Magic
  3766 | D:9      | Reached skill level 4 in Poison Magic
  3777 | D:9      | Reached ** piety under Cheibriados
  3887 | D:9      | Reached skill level 5 in Short Blades
  3887 | D:9      | Reached skill level 5 in Long Blades
  3887 | D:9      | Reached skill level 5 in Axes
  3887 | D:9      | Reached skill level 5 in Maces & Flails
  3887 | D:9      | Reached skill level 5 in Polearms
  3887 | D:9      | Reached skill level 5 in Staves
  3887 | D:9      | Reached skill level 5 in Slings
  3887 | D:9      | Reached skill level 5 in Bows
  3887 | D:9      | Reached skill level 5 in Crossbows
  3887 | D:9      | Reached skill level 5 in Stealth
  3887 | D:9      | Reached skill level 5 in Shields
  3887 | D:9      | Reached skill level 5 in Evocations
  3913 | D:9      | Upgraded the game from 0.22-a0-196-gee22f27 to
                  | 0.22-a0-197-g4ac3794
  3917 | Lair:1   | Entered Level 1 of the Lair of Beasts
  3949 | Lair:2   | Reached skill level 7 in Translocations
  4139 | Lair:2   | Reached skill level 7 in Fighting
  4139 | Lair:2   | Reached skill level 7 in Dodging
  4139 | Lair:2   | Reached skill level 7 in Unarmed Combat
  4169 | Lair:2   | Noticed a black mamba
  4187 | Lair:2   | Killed a black mamba
  4229 | Lair:2   | Noticed an oklob plant
  4229 | Lair:2   | Noticed an oklob plant
  4255 | Lair:2   | Reached skill level 6 in Throwing
  4255 | Lair:2   | Reached skill level 6 in Armour
  4295 | Lair:2   | Reached skill level 6 in Invocations
  4400 | Lair:3   | Noticed a black mamba
  4409 | Lair:3   | Killed a black mamba
  4468 | Lair:3   | Reached XP level 11. HP: 73/84 MP: 10/22
  4706 | Lair:3   | Reached *** piety under Cheibriados
  4720 | Lair:3   | Found a staircase to the Swamp.
  4856 | Lair:4   | Learned a level 1 spell: Apportation
  4888 | Lair:4   | Reached skill level 6 in Short Blades
  4888 | Lair:4   | Reached skill level 6 in Long Blades
  4888 | Lair:4   | Reached skill level 6 in Axes
  4888 | Lair:4   | Reached skill level 6 in Maces & Flails
  4888 | Lair:4   | Reached skill level 6 in Polearms
  4888 | Lair:4   | Reached skill level 6 in Staves
  4888 | Lair:4   | Reached skill level 6 in Slings
  4888 | Lair:4   | Reached skill level 6 in Bows
  4888 | Lair:4   | Reached skill level 6 in Crossbows
  4888 | Lair:4   | Reached skill level 6 in Stealth
  4888 | Lair:4   | Reached skill level 6 in Shields
  4888 | Lair:4   | Reached skill level 6 in Evocations
  4954 | Lair:4   | Found a labyrinth entrance.
  4970 | Lair:4   | Reached skill level 5 in Conjurations
  4970 | Lair:4   | Reached skill level 5 in Hexes
  4970 | Lair:4   | Reached skill level 5 in Charms
  4970 | Lair:4   | Reached skill level 5 in Summonings
  4970 | Lair:4   | Reached skill level 5 in Necromancy
  4970 | Lair:4   | Reached skill level 5 in Transmutations
  4970 | Lair:4   | Reached skill level 5 in Fire Magic
  4970 | Lair:4   | Reached skill level 5 in Ice Magic
  4970 | Lair:4   | Reached skill level 5 in Air Magic
  4970 | Lair:4   | Reached skill level 5 in Earth Magic
  4970 | Lair:4   | Reached skill level 5 in Poison Magic
  5017 | Lair:4   | Reached skill level 8 in Spellcasting
  5032 | Lair:4   | Learned a level 4 spell: Animate Dead
  5067 | Lair:4   | Found a hole to the Spider Nest.
  5084 | Lair:4   | Noticed a six-headed hydra
  5094 | Lair:4   | Killed a six-headed hydra
  5193 | Lair:4   | Reached **** piety under Cheibriados
  5225 | Lair:4   | Reached skill level 7 in Invocations
  5300 | Lair:5   | Learned a level 1 spell: Summon Butterflies
  5304 | Lair:5   | Learned a level 3 spell: Tukima's Dance
  5327 | Lair:5   | Reached skill level 8 in Fighting
  5327 | Lair:5   | Reached skill level 7 in Throwing
  5327 | Lair:5   | Reached skill level 7 in Armour
  5327 | Lair:5   | Reached skill level 8 in Dodging
  5327 | Lair:5   | Reached skill level 8 in Unarmed Combat
  5581 | Lair:5   | Noticed a death yak
  5582 | Lair:5   | Noticed a death yak
  5593 | Lair:5   | Noticed a death yak
  5596 | Lair:5   | Noticed a death yak
  5596 | Lair:5   | Noticed a death yak
  5598 | Lair:5   | Noticed a death yak
  5602 | Lair:5   | Killed a death yak
  5616 | Lair:5   | Killed a death yak
  5616 | Lair:5   | Reached XP level 12. HP: 49/93 MP: 9/24
  5622 | Lair:5   | Killed a death yak
  5622 | Lair:5   | Reached skill level 8 in Translocations
  5630 | Lair:5   | Killed a death yak
  5636 | Lair:5   | Killed a death yak
  5636 | Lair:5   | Reached skill level 7 in Short Blades
  5636 | Lair:5   | Reached skill level 7 in Long Blades
  5636 | Lair:5   | Reached skill level 7 in Axes
  5636 | Lair:5   | Reached skill level 7 in Maces & Flails
  5636 | Lair:5   | Reached skill level 7 in Polearms
  5636 | Lair:5   | Reached skill level 7 in Staves
  5636 | Lair:5   | Reached skill level 7 in Slings
  5636 | Lair:5   | Reached skill level 7 in Bows
  5636 | Lair:5   | Reached skill level 7 in Crossbows
  5636 | Lair:5   | Reached skill level 7 in Stealth
  5636 | Lair:5   | Reached skill level 7 in Shields
  5636 | Lair:5   | Reached skill level 7 in Evocations
  5646 | Lair:5   | Killed a death yak
  5681 | Lair:6   | Entered Level 6 of the Lair of Beasts
  5779 | Lair:5   | Reached skill level 6 in Conjurations
  5779 | Lair:5   | Reached skill level 6 in Hexes
  5779 | Lair:5   | Reached skill level 6 in Charms
  5779 | Lair:5   | Reached skill level 6 in Summonings
  5779 | Lair:5   | Reached skill level 6 in Necromancy
  5779 | Lair:5   | Reached skill level 6 in Transmutations
  5779 | Lair:5   | Reached skill level 6 in Fire Magic
  5779 | Lair:5   | Reached skill level 6 in Ice Magic
  5779 | Lair:5   | Reached skill level 6 in Air Magic
  5779 | Lair:5   | Reached skill level 6 in Earth Magic
  5779 | Lair:5   | Reached skill level 6 in Poison Magic
  5831 | Lair:5   | Reached ***** piety under Cheibriados
  5831 | Lair:5   | Reached skill level 8 in Invocations
  5856 | Lair:6   | Reached skill level 9 in Spellcasting
  5881 | Lair:6   | Found a viscous altar of Jiyva.
  5882 | Lair:6   | Found a staircase to the Slime Pits.
  5991 | Lair:1   | Noticed Sonja
  5991 | Lair:1   | Noticed Sonja
  5991 | Lair:1   | Sonja changed into Sonja the big kobold
  5992 | Lair:1   | Noticed Sonja
  5992 | Lair:1   | Sonja the big kobold changed into Sonja the soldier ant
  6004 | D:9      | Killed Sonja the soldier ant
  6044 | D:10     | Entered Level 10 of the Dungeon
  6148 | D:10     | Noticed Psyche
  6150 | D:10     | Noticed Psyche
  6150 | D:10     | Psyche changed into Psyche the black bear
  6153 | D:10     | Killed Psyche the black bear
  6201 | D:10     | Reached skill level 8 in Throwing
  6201 | D:10     | Reached skill level 8 in Armour
  6209 | D:10     | Noticed Urug
  6225 | D:10     | Killed Urug
  6391 | D:10     | Noticed Nergalle
  6415 | D:10     | Killed Nergalle
  6415 | D:10     | Reached skill level 9 in Fighting
  6415 | D:10     | Reached skill level 9 in Dodging
  6415 | D:10     | Reached skill level 9 in Unarmed Combat
  6632 | D:11     | Reached XP level 13. HP: 95/101 MP: 23/26
  6683 | D:11     | Learned a level 5 spell: Borgnjor's Vile Clutch
  6688 | D:11     | Found a staircase to the Orcish Mines.
  6758 | Orc:1    | Entered Level 1 of the Orcish Mines
  6819 | Orc:2    | Entered Level 2 of the Orcish Mines
  6819 | Orc:2    | Found Begar's Antique Armour Boutique.
  6819 | Orc:2    | Noticed an orc warlord
  7143 | Orc:2    | Killed an orc warlord
  7143 | Orc:2    | Reached ****** piety under Cheibriados
  7162 | Orc:2    | Reached skill level 8 in Short Blades
  7162 | Orc:2    | Reached skill level 8 in Long Blades
  7162 | Orc:2    | Reached skill level 8 in Axes
  7162 | Orc:2    | Reached skill level 8 in Maces & Flails
  7162 | Orc:2    | Reached skill level 8 in Polearms
  7162 | Orc:2    | Reached skill level 8 in Staves
  7162 | Orc:2    | Reached skill level 8 in Slings
  7162 | Orc:2    | Reached skill level 8 in Bows
  7162 | Orc:2    | Reached skill level 8 in Crossbows
  7162 | Orc:2    | Reached skill level 8 in Stealth
  7162 | Orc:2    | Reached skill level 8 in Shields
  7162 | Orc:2    | Reached skill level 8 in Evocations
  7163 | Orc:2    | Paralysed by an orc sorcerer for 2 turns
  7185 | Orc:2    | Found a dark tunnel.
  7191 | Volcano  | Entered a volcano
  7311 | Volcano  | Found a bloodstained altar of Trog.
  7323 | Volcano  | Gained mutation: You are agile. (Dex +2) [potion of
                  | mutation]
  7323 | Volcano  | Gained mutation: You are resistant to electric shocks.
                  | (rElec) [potion of mutation]
  7323 | Volcano  | Gained mutation: Scrolls take you a little longer to read.
                  | [potion of mutation]
  7323 | Volcano  | Gained mutation: You have a pair of small horns on your
                  | head. [potion of mutation]
  7326 | Volcano  | Reached skill level 9 in Invocations
  7501 | Orc:2    | Found a staircase to the Elven Halls.
  7713 | Orc:2    | Found Luig Zomp's Jewellery Shop.
  7727 | Orc:2    | Reached skill level 7 in Conjurations
  7727 | Orc:2    | Reached skill level 7 in Hexes
  7727 | Orc:2    | Reached skill level 7 in Charms
  7727 | Orc:2    | Reached skill level 7 in Summonings
  7727 | Orc:2    | Reached skill level 7 in Necromancy
  7727 | Orc:2    | Reached skill level 9 in Translocations
  7727 | Orc:2    | Reached skill level 7 in Transmutations
  7727 | Orc:2    | Reached skill level 7 in Fire Magic
  7727 | Orc:2    | Reached skill level 7 in Ice Magic
  7727 | Orc:2    | Reached skill level 7 in Air Magic
  7727 | Orc:2    | Reached skill level 7 in Earth Magic
  7727 | Orc:2    | Reached skill level 7 in Poison Magic
  7807 | Orc:2    | Found Suyxzist's Antique Weapon Shop.
  7833 | Orc:2    | Found Canuph's General Store.
  7841 | Orc:2    | Reached skill level 9 in Throwing
  7841 | Orc:2    | Reached skill level 9 in Armour
  7855 | Orc:2    | Bought a box of beasts for 340 gold pieces
  8028 | Swamp:1  | Entered Level 1 of the Swamp
  8198 | Orc:2    | Bought a dyed leather armour for 165 gold pieces
  8278 | D:12     | Reached skill level 10 in Spellcasting
  8305 | D:12     | Noticed Snorg
  8315 | D:12     | Killed Snorg
  8315 | D:12     | Reached XP level 14. HP: 105/109 MP: 8/28
  8343 | D:12     | Found Lidykh's Armour Emporium.
  8352 | D:12     | Bought the +8 chain mail of the Countless Cities {MR++
                  | Dex-4} for 566 gold pieces
  8558 | D:13     | Reached skill level 10 in Fighting
  8558 | D:13     | Reached skill level 10 in Dodging
  8558 | D:13     | Reached skill level 10 in Unarmed Combat
  8635 | D:13     | Noticed Josephine
  8654 | D:13     | Killed Josephine
  8699 | D:13     | Reached skill level 9 in Short Blades
  8699 | D:13     | Reached skill level 9 in Long Blades
  8699 | D:13     | Reached skill level 9 in Axes
  8699 | D:13     | Reached skill level 9 in Maces & Flails
  8699 | D:13     | Reached skill level 9 in Polearms
  8699 | D:13     | Reached skill level 9 in Staves
  8699 | D:13     | Reached skill level 9 in Slings
  8699 | D:13     | Reached skill level 9 in Bows
  8699 | D:13     | Reached skill level 9 in Crossbows
  8699 | D:13     | Reached skill level 9 in Stealth
  8699 | D:13     | Reached skill level 9 in Shields
  8699 | D:13     | Reached skill level 9 in Evocations
  9172 | D:14     | Reached skill level 10 in Invocations
  9285 | D:14     | Identified the Collected Works on Companions
  9294 | D:14     | Learned a level 5 spell: Summon Mana Viper
  9308 | D:14     | Identified Decolol's Volume of the Unstable Oath
  9329 | D:14     | Found a deep blue altar of Sif Muna.
  9334 | D:14     | Noticed a deep elf sorcerer
  9346 | D:14     | Killed a deep elf sorcerer
  9538 | D:14     | Found a gate to the Vaults.
  9559 | D:15     | Entered Level 15 of the Dungeon
  9579 | D:15     | Reached skill level 8 in Conjurations
  9579 | D:15     | Reached skill level 8 in Hexes
  9579 | D:15     | Reached skill level 8 in Charms
  9579 | D:15     | Reached skill level 8 in Summonings
  9579 | D:15     | Reached skill level 8 in Necromancy
  9579 | D:15     | Reached skill level 8 in Transmutations
  9579 | D:15     | Reached skill level 8 in Fire Magic
  9579 | D:15     | Reached skill level 8 in Ice Magic
  9579 | D:15     | Reached skill level 8 in Air Magic
  9579 | D:15     | Reached skill level 8 in Earth Magic
  9579 | D:15     | Reached skill level 8 in Poison Magic
  9582 | D:15     | Reached XP level 15. HP: 117/117 MP: 6/29
  9644 | D:15     | Reached skill level 10 in Throwing
  9644 | D:15     | Reached skill level 10 in Armour
  9732 | D:15     | Found a staircase to the Depths.
  9846 | D:13     | Learned a level 5 spell: Irradiate
 10064 | Swamp:1  | Upgraded the game from 0.22-a0-197-g4ac3794 to
                  | 0.22-a0-224-g8cf3520
 10064 | Swamp:1  | Upgraded the game from 0.22-a0-224-g8cf3520 to
                  | 0.22-a0-284-g99d1f74
 10064 | Swamp:1  | Upgraded the game from 0.22-a0-284-g99d1f74 to
                  | 0.22-a0-392-g5dc3fd9
 10064 | Swamp:1  | Upgraded the game from 0.22-a0-567-gff9aefc to
                  | 0.23-a0-130-g0e7800e
 10064 | Swamp:1  | Quit the game

Vault maps used:
D:1:      scummos_arrival_checkerplants, ashenzari_altar_1
D:2:      grunt_temple_overflow_forces_of_nature, serial_park_tiny_pond
D:3:      first_ration
D:4:      lemuel_zombie_altar_yredelemnul, vehumet_crystals, enter_ossuary_3,
          uniq_robin
D:5:      tso_altar, kennysheep_okawaru_gauntlet, cheibriados_altar_1, uniq_ijyb
D:7:      minmay_temple_entry_purple_smoke
D:8:      xom_redecorated, hangedman_decor_clover_reticule,
          hangedman_little_slice_of_home, minmay_misc_feat_secret_circle,
          uniq_maurice
D:9:      david_lair_generic, lemuel_flamethrower_1, uniq_joseph
D:10:     uniq_urug, uniq_nergalle, uniq_psyche
D:11:     david_orc_3
D:12:     serial_shops, nicolae_shop_waterfront, uniq_frances, uniq_rupert,
          uniq_erolcha, uniq_snorg
D:13:     serial_shops, shop, uniq_josephine
D:14:     evilmike_library_of_no_secrets, david_vaults_5,
          kennysheep_another_room, amethyst_killhole
D:15:     hangedman_depths_entry_try_elsewhere_first, serial_bayou_shore_a
Temple:   regret_index_temple_generic_petals
Lair:1:   serial_bayou_shore_b, lemuel_fruit_fields, uniq_prince_ribbit2,
          uniq_sonja, uniq_erica
Lair:2:   serial_bayou_crossing, grunt_megastairs_4, serial_bayou_shore_b,
          lemuel_fruit_fields, serial_bayou_shore_b, minmay_lair_oklob_chamber
Lair:3:   minmay_swamp_entry_eels
Lair:4:   spider_nest_entry_rubble, lab_entry_generic,
          infiniplex_staircase_pool_2, grunt_megastairs_1
Lair:6:   grunt_lair_end_beastmaster, slime_altar_1, grunt_megastairs_3
Swamp:1:  evilmike_swamp_ruin_rubble_1
Orc:2:    grunt_orc_gardens, grunt_orc_garden, grunt_orc_garden,
          grunt_orc_garden, grunt_orc_garden, enter_volcano_1
Ossuary:  ossuary_crypta
Volcano:  volcano_grotto

Skill      XL: |  1  2  3  4  5  6  7  8  9 10 11 12 13 14 15 |
---------------+----------------------------------------------+-----
Spellcasting   | 5 6 7 8 9 10 | 10.9
Invocations    | 1 2 3 4 5 6 7 8 9 10 | 10.6
Short Blades   | 1 2 3 4 5 6 7 8 9 |  9.7
Long Blades    | 1 2 3 4 5 6 7 8 9 |  9.7
Axes           | 1 2 3 4 5 6 7 8 9 |  9.7
Maces & Flails | 1 2 3 4 5 6 7 8 9 |  9.7
Polearms       | 1 2 3 4 5 6 7 8 9 |  9.7
Staves         | 1 2 3 4 5 6 7 8 9 |  9.7
Slings         | 1 2 3 4 5 6 7 8 9 |  9.7
Bows           | 1 2 3 4 5 6 7 8 9 |  9.7
Crossbows      | 1 2 3 4 5 6 7 8 9 |  9.7
Stealth        | 1 2 3 4 5 6 7 8 9 |  9.7
Shields        | 1 2 3 4 5 6 7 8 9 |  9.7
Evocations     | 1 2 3 4 5 6 7 8 9 |  9.7
Conjurations   | 1 2 3 4 5 6 7 8 |  8.2
Hexes          | 1 2 3 4 5 6 7 8 |  8.2
Charms         | 1 2 3 4 5 6 7 8 |  8.2
Summonings     | 1 2 3 4 5 6 7 8 |  8.2
Necromancy     | 1 2 3 4 5 6 7 8 |  8.2
Transmutations | 1 2 3 4 5 6 7 8 |  8.2
Fire Magic     | 1 2 3 4 5 6 7 8 |  8.2
Ice Magic      | 1 2 3 4 5 6 7 8 |  8.2
Air Magic      | 1 2 3 4 5 6 7 8 |  8.2
Earth Magic    | 1 2 3 4 5 6 7 8 |  8.2
Poison Magic   | 1 2 3 4 5 6 7 8 |  8.2
Throwing       | 3 4 5 6 7 8 9 10 | 10.1
Armour         | 3 4 5 6 7 8 9 10 | 10.1
Fighting       | 5 6 7 8 9 10 | 10.7
Dodging        | 5 6 7 8 9 10 | 10.7
Unarmed Combat | 5 6 7 8 9 10 | 10.7
Translocations | 6 7 8 9 |  9.9

Action                   |  1- 3 |  4- 6 |  7- 9 | 10-12 | 13-15 || total
-------------------------+-------+-------+-------+-------+-------++-------
Melee: Unarmed           |    92 |   257 |   578 |   734 |   623 ||  2284
       Bite              |     7 |    36 |    72 |   172 |   143 ||   430
       Punch             |     2 |    10 |    21 |       |       ||    33
       Headbutt          |       |       |       |       |   177 ||   177
 Fire: Blowgun           |       |       |       |       |     1 ||     1
Throw: Tomahawk          |       |       |     1 |       |       ||     1
 Cast: Shroud of Golubri |    11 |    28 |    45 |    41 |     4 ||   129
       Blink             |       |     7 |    14 |     6 |    18 ||    45
       Lesser Beckoning  |       |     1 |     1 |     2 |    29 ||    33
       Passage of Golubr |       |       |    21 |    49 |    54 ||   124
       Regeneration      |       |       |     6 |    41 |    16 ||    63
       Animate Skeleton  |       |       |     3 |    31 |     9 ||    43
       Apportation       |       |       |       |    31 |    60 ||    91
       Animate Dead      |       |       |       |     8 |    18 ||    26
       Tukima's Dance    |       |       |       |     1 |    14 ||    15
       Borgnjor's Vile C |       |       |       |       |    45 ||    45
       Summon Mana Viper |       |       |       |       |     1 ||     1
Invok: Bend Time         |       |       |       |     7 |     2 ||     9
       Slouch            |       |       |       |       |     4 ||     4
Evoke: Wand              |       |       |     6 |    19 |    37 ||    62
  Use: Scroll            |       |     4 |     3 |     8 |     9 ||    24
       Potion            |       |     5 |     4 |     1 |     2 ||    12
 Stab: Sleeping          |     3 |     1 |     3 |     4 |     7 ||    18
       Distracted        |       |     1 |       |     8 |    12 ||    21
       Paralysed         |       |       |       |    15 |    31 ||    46
       Petrified         |       |       |       |       |     3 ||     3
  Eat: Ration            |       |     2 |       |     2 |     3 ||     7
       Chunk             |       |       |     8 |     4 |     4 ||    16
Armor: Leather armour    |    13 |    41 |   164 |    17 |       ||   235
       Skin              |       |       |     1 |       |       ||     1
       Ring mail         |       |       |       |   172 |    42 ||   214
       Fire dragon scale |       |       |       |       |    99 ||    99
       Chain mail        |       |       |       |       |    17 ||    17
Dodge: Dodged            |    47 |   130 |   394 |   493 |   526 ||  1590
Block: Buckler           |       |       |       |   219 |   265 ||   484

Table legend:
 A = Non-vault XP
 B = Vault XP
 C = Vault XP percentage of total XP
 D = Non-vault monster count
 E = Vault monster count
 F = Vault count percentage of total count
                 A         B        C        D         E       F
            +---------+---------+-------+---------+---------+-------
      Total |   97607 |       0 |   0.0 |     540 |       0 |   0.0
            +---------+---------+-------+---------+---------+-------
        D:1 |      12 |       0 |   0.0 |       7 |       0 |   0.0
        D:2 |       9 |       0 |   0.0 |       7 |       0 |   0.0
        D:3 |     253 |       0 |   0.0 |      36 |       0 |   0.0
        D:4 |     506 |       0 |   0.0 |      23 |       0 |   0.0
        D:5 |     138 |       0 |   0.0 |       7 |       0 |   0.0
        D:6 |     590 |       0 |   0.0 |      12 |       0 |   0.0
        D:7 |    1066 |       0 |   0.0 |      17 |       0 |   0.0
        D:8 |    1606 |       0 |   0.0 |      26 |       0 |   0.0
        D:9 |    1227 |       0 |   0.0 |      12 |       0 |   0.0
       D:10 |    3369 |       0 |   0.0 |      15 |       0 |   0.0
       D:11 |    3173 |       0 |   0.0 |      41 |       0 |   0.0
       D:12 |    2071 |       0 |   0.0 |      11 |       0 |   0.0
       D:13 |   13676 |       0 |   0.0 |      61 |       0 |   0.0
       D:14 |   17577 |       0 |   0.0 |      45 |       0 |   0.0
       D:15 |   11590 |       0 |   0.0 |      35 |       0 |   0.0
     Temple |     242 |       0 |   0.0 |       2 |       0 |   0.0
     Lair:1 |     710 |       0 |   0.0 |       4 |       0 |   0.0
     Lair:2 |    2388 |       0 |   0.0 |      15 |       0 |   0.0
     Lair:3 |    2548 |       0 |   0.0 |      16 |       0 |   0.0
     Lair:4 |    4633 |       0 |   0.0 |      25 |       0 |   0.0
     Lair:5 |   11136 |       0 |   0.0 |      30 |       0 |   0.0
     Lair:6 |     922 |       0 |   0.0 |       3 |       0 |   0.0
      Orc:1 |     722 |       0 |   0.0 |      10 |       0 |   0.0
      Orc:2 |   11340 |       0 |   0.0 |      49 |       0 |   0.0
    Ossuary |     237 |       0 |   0.0 |      12 |       0 |   0.0
    Volcano |    5866 |       0 |   0.0 |      19 |       0 |   0.0
            +---------+---------+-------+---------+---------+-------
